AoeStats
← Done

African Clearing

510409892Analyzed
3v3 RM · 14h ago on Sep 30, 2026· 55m 58s· 6 players
Game mode
Random Map
Map size
Normal (6 player)
Population
200
Speed
Normal
Resources
Standard
Victory
Conquest
Starting age
Dark Age
Ending age
Imperial Age
RankedLock teamsTeams togetherTeam positionsShared explorationLock speedFull tech treeHidden civsTurbo modeCheats
Victory
Defeat
🇳🇱 Wei · Netherlands
911
+7
🇧🇷 Gurjaras · Brazil
910
+7
🇨🇴 Mongols · Colombia
904
+9
🇩🇪 Huns · Germany
730
-8
🇬🇧 Mongols · United Kingdom
716
-8
🇹🇼 Sicilians · Taiwan
668
-7
Done
5:59 Loom
18:35 Feudal Age
19:04 Town Watch
19:08 Double-Bit Axe
19:41 Horse Collar
22:30 Castle Age
21:09 Gold Mining
21:32 Fletching
24:47 Husbandry
25:46 Bodkin Arrow
27:48 Wheelbarrow
29:01 Bloodlines
32:41 Heavy Plow
36:38 Forging
36:17 Pikeman
41:41 Imperial Age
39:29 Hand Cart
39:30 Town Patrol
41:02 Squires
45:53 Bow Saw
46:17 Conscription
50:37 Light Cavalry
55:38 Ballistics
56:18 Chemistry
55:19 Hussar
julian_venom
14:02 Feudal Age
15:21 Wheelbarrow
14:36 Double-Bit Axe
14:34 Horse Collar
16:42 Loom
21:54 Castle Age
20:29 Bloodlines
21:24 Scale Barding Armor
22:50 Hand Cart
23:02 Bow Saw
27:43 Husbandry
30:02 Heavy Plow
33:29 Gold Mining
33:29 Stone Mining
34:03 Chain Barding Armor
33:49 Marauders
33:55 Marauders
36:05 Caravan
43:40 Imperial Age
42:02 Masonry
43:46 Elite Tarkan
45:03 Plate Barding Armor
44:54 Atheism
44:56 Conscription
48:04 Cavalier
49:15 Paladin
瀧注洄洮
15:34 Feudal Age
19:45 Fishing Lines
29:32 Castle Age
30:00 Horse Collar
30:13 Gillnets
32:18 Double-Bit Axe
34:45 Stone Mining
34:46 Gold Mining
40:35 Squires
40:21 Gambesons
40:22 Arson
40:40 Squires
41:54 Ballistics
42:11 Scale Mail Armor
42:22 Forging
42:05 Fletching
42:57 Wheelbarrow
42:07 Loom
42:08 Town Watch
44:56 Imperial Age
45:08 Murder Holes
45:34 Chain Mail Armor
45:18 Bodkin Arrow
47:25 Chemistry
46:11 Arrowslits
46:32 Elite Serjeant
47:32 Chain Mail Armor
47:54 Iron Casting
54:43 Gold Shaft Mining
54:43 Stone Shaft Mining
Sm0k1nG040
13:55 Feudal Age
13:07 Loom
16:24 Double-Bit Axe
21:17 Castle Age
19:36 Horse Collar
20:49 Wheelbarrow
23:30 Husbandry
23:20 Light Cavalry
25:05 Scale Barding Armor
25:11 Forging
26:15 Bow Saw
26:24 Heavy Plow
27:59 Gold Mining
31:00 Bloodlines
37:49 Imperial Age
35:27 Fletching
36:24 Hand Cart
37:29 Thumb Ring
37:52 Chain Barding Armor
38:08 Iron Casting
37:29 Bodkin Arrow
39:51 Hussar
42:35 Ming Guang Armor
43:47 Blast Furnace
45:35 Crop Rotation
48:25 Bracer
49:49 Parthian Tactics
andres7194
6:39 Loom
13:39 Feudal Age
17:51 Horse Collar
18:56 Double-Bit Axe
24:21 Castle Age
24:11 Wheelbarrow
24:18 Stone Mining
24:20 Gold Mining
25:59 Town Watch
26:54 Bloodlines
26:52 Scale Barding Armor
27:07 Heavy Plow
33:15 Bow Saw
36:56 Imperial Age
35:40 Fletching
36:44 Chain Barding Armor
36:34 Forging
36:56 Elite Skirmisher
39:41 Chemistry
39:58 Conscription
44:06 Pikeman
44:46 Squires
46:30 Iron Casting
46:50 Hand Cart
47:33 Nomads
48:16 Hoardings
47:12 Sappers
49:31 Blast Furnace
48:35 Light Cavalry
49:16 Husbandry
55:18 Padded Archer Armor
Fuller THE MONSTER
18:46 Feudal Age
20:21 Double-Bit Axe
20:26 Loom
23:20 Castle Age
21:08 Horse Collar
22:16 Stone Mining
25:16 Bow Saw
26:58 Forging
29:47 Gold Mining
31:24 Scale Mail Armor
33:14 Wheelbarrow
36:11 Iron Casting
37:17 Chain Mail Armor
39:19 Kshatriyas
45:45 Imperial Age
46:03 Elite Chakram Thrower
47:48 Plate Mail Armor
47:24 Scale Barding Armor
48:53 Conscription
51:41 Chain Barding Armor
53:08 Plate Barding Armor
52:47 Heavy Camel Rider
55:13 Husbandry
55:24 Bloodlines
Connection lost

Rejoining the realm…

Still unreachable

The connection could not be restored.

Session expired

The server has moved on; the page needs a fresh start.